 Dungeon Crawl Stone Soup version 0.24-a0-614-geaf2f25 (webtiles) character file.

Game seed: 8076387437691578282, levelgen mode: deterministic

44149 pichaelthompson the Slinger (level 14, -11/92 HPs)
             Began as an Octopode Conjurer on Sept 12, 2019.
             Was an Elder of Ashenzari.
             Mangled by a sun demon (14 damage)
             ... summoned by an orc sorcerer
             ... on level 2 of the Orcish Mines.
             The game lasted 00:52:24 (18908 turns).

pichaelthompson the Slinger (Octopode Conjurer)    Turns: 18908, Time: 00:52:25

Health: -11/92     AC:  1    Str:  8    XL:     14   Next: 27%
Magic:  25/25      EV: 18    Int: 23    God:    Ashenzari [****..]
Gold:   1261       SH: 11    Dex: 21    Spells: 18/28 levels left

rFire    . . .     SeeInvis +   j - +11 hunting sling of Hepliaklqana's Esteem {venom, +Fly Dex+4} (curse)
rCold    + . .     Gourm    .   k - +0 buckler of Hedge Wizardry {rPois rC+ Dex+3} (curse)
rNeg     . . .     Faith    .   (helmet restricted)
rPois    +         Spirit   .   i - +4 amulet of reflection
rElec    .         Reflect  +   R - ring of stealth
rCorr    .         Harm     .   B - +3 ring of intelligence
MR       +....     Clarity  +   S - ring of flight
Stlth    +++++++...             (no ring)
HPRegen  0.25/turn              (no ring)
MPRegen  0.19/turn              (no ring)
                                (no ring)
                                (no ring)

@: drained
A: almost no armour, stealthy swim, amphibious, 8 rings, constrict 8, camouflage
1, gelatinous body 1
a: Curse Item, Scrying, Renounce Religion, Evoke Flight


You were on level 2 of the Orcish Mines.
You worshipped Ashenzari.
Ashenzari was greatly pleased with you.
You were not hungry.

You visited 3 branches of the dungeon, and saw 16 of its levels.
You also visited: Bailey.

You collected 1261 gold pieces.

Inventory:

Hand Weapons
 j - the cursed +11 hunting sling of Hepliaklqana's Esteem (weapon) {venom, +Fly Dex+4}
   (You found it on level 4 of the Dungeon)

   It poisons the ammo it fires.
   It affects your dexterity (+4).
   It lets you fly.
   It has a curse placed upon it.
 u - a +2 dagger of draining
Missiles
 l - 151 sling bullets
 n - 68 poisoned darts
 s - 256 stones (quivered)
 t - 89 boomerangs
Armour
 k - the cursed +0 buckler of Hedge Wizardry (worn) {rPois rC+ Dex+3}
   (You found it on level 5 of the Dungeon)

   It affects your dexterity (+3).
   It protects you from cold.
   It protects you from poison.
   It has a curse placed upon it.
Magical Staves
 v - an uncursed staff of poison
Jewellery
 i - a +4 amulet of reflection (around mantle)
 B - a +3 ring of intelligence (right tentacle)
 R - a ring of stealth (left tentacle)
 S - a ring of flight (on tentacle)
Wands
 c - a wand of acid (3)
 L - a wand of flame (29)
 N - a wand of polymorph (12)
 P - a wand of disintegration (11)
 T - a wand of paralysis (8)
Scrolls
 a - 4 scrolls of fear {unknown}
 d - 4 scrolls of enchant weapon {unknown}
 h - 4 scrolls of blinking {unknown}
 p - 7 scrolls of teleportation
 r - a scroll of magic mapping {unknown}
 x - 2 scrolls of noise {unknown}
 y - 3 scrolls of enchant armour {unknown}
 A - 2 scrolls of random uselessness {unknown}
 F - 3 scrolls of amnesia {unknown}
 I - 5 scrolls of silence
 K - a scroll of vulnerability {unknown}
 M - 8 scrolls of remove curse
 Q - a scroll of acquirement {unknown}
 U - a scroll of summoning {unknown}
Potions
 f - 3 potions of might
 g - 7 potions of magic
 m - 2 potions of mutation
 o - 2 potions of lignification
 q - 4 potions of heal wounds
 w - 4 potions of curing
 z - a potion of agility
 C - 4 potions of brilliance
 D - 3 potions of ambrosia
 G - a potion of resistance
 H - 2 potions of invisibility
 J - a potion of berserk rage
 O - a potion of haste
Comestibles
 b - 19 rations
 E - 8 chunks of flesh


   Skills:
 + Level 7.4(6.7) Fighting
 - Level 1.1(0.6) Short Blades
 * Level 12.9(15.1) Slings
 + Level 0.1(7.7) Throwing
 * Level 6.8(6.1) Dodging
 * Level 12.2(11.5) Stealth
 * Level 7.2(8.9) Shields
 * Level 7.8(7.1) Spellcasting
 * Level 9.6(8.9) Conjurations
 * Level 5.0(4.3) Translocations
 + Level 2.1(1.6) Evocations


You had 18 spell levels left.
You knew the following spells:

 Your Spells              Type           Power        Failure   Level  Hunger
a - Magic Dart            Conj           ####         1%          1    None
b - Searing Ray           Conj           #####.       1%          2    None
c - Force Lance           Conj/Tloc      #####...     4%          4    ###....
d - Conjure Flame         Conj/Fire      ####....     3%          3    None

Your spell library contained the following spells:

 Spells                   Type           Power        Failure   Level  Hunger
 Shock                    Conj/Air       ####         1%          1    None
 Iskenderun's Mystic Bla  Conj           #####...     1%          4    ###....
 Dazzling Spray           Conj/Hex       ####..       3%          3    None
 Static Discharge         Conj/Air       ####....     3%          3    None
 Stone Arrow              Conj/Erth      ####..       3%          3    None
 Mephitic Cloud           Conj/Pois/Air  ###.....     7%          3    None
 Beastly Appendage        Tmut           #.....       8%          1    None
 Sandblast                Erth           #.....       8%          1    None
 Passwall                 Tmut/Erth      #.......     12%         2    None
 Poisonous Vapours        Pois/Air       #.....       12%         2    None
 Sticks to Snakes         Tmut           #.......     12%         2    None
 Swiftness                Chrm/Air       #.......     12%         2    None
 Fulminant Prism          Conj/Hex       ####......   12%         4    ###....
 Spider Form              Tmut/Pois      #.........   22%         3    None
 Lightning Bolt           Conj/Air       ####......   32%         5    #####..
 Airstrike                Air            #.........   58%         4    ###....
 Ice Form                 Ice/Tmut       #.......     58%         4    ###....
 Petrify                  Tmut/Erth      #.......     58%         4    ###....
 Blade Hands              Tmut           #.........   91%         5    #####..
 Lee's Rapid Deconstruct  Erth           #.........   91%         5    #####..
 Freezing Cloud           Conj/Ice/Air   ###.......   98%         6    ######.
 Ring of Flames           Chrm/Fire      #.........   100%        7    #######


Dungeon Overview and Level Annotations

Branches:
Dungeon (13/15)            Temple (1/1) D:7            Lair (0/6) D:8
    Orc (2/2) D:11         Bailey (visited)
    Elf: Orc:2       Vaults: D:13-14

Altars:
Ashenzari
Cheibriados
Dithmenos
Elyvilon
Fedhas
Gozag
Hepliaklqana
Kikubaaqudgha
Makhleb
Nemelex Xobeh
Okawaru
Qazlal
Ru
Sif Muna
Trog
Uskayaw
Vehumet
Wu Jian
Xom
Yredelemnul
Zin
The Shining One
Beogh

Shops:
D:8 :   D:10 [

Annotations:
D:3 Flam3WizrdBr0's ghost, weakling HuBe


Innate Abilities, Weirdness & Mutations

You cannot wear most types of armour.
You are very stealthy in the water. (Stealth+)
You are amphibious.
You can wear up to eight rings at the same time.
You can use your tentacles to constrict eight enemies at once.
Your skin changes colour to match your surroundings (Stealth+).
Your rubbery body absorbs attacks. (AC +1, EV +1)


Message History

Your Translocations skill increases to level 5!
You block the sun demon's attack.
Firing (i - inventory. (/) - cycle)
s - 257 stones (quivered)
Press: ? - help, Shift-Dir - straight line, f - sun demon
Aim: a sun demon (summoned)
You shoot a stone. The stone hits the orc sorcerer.
The orc sorcerer is poisoned.
The orc sorcerer is moderately wounded.
The orc sorcerer hits you with a +4 dagger of speed.
The sun demon completely misses you.
The orc sorcerer gestures at you while chanting.
The bolt of negative energy hits the sun demon.
The sun demon completely resists.
The bolt of negative energy hits you!!
You feel drained.
* * * LOW HITPOINT WARNING * * *
There is an open door here.
The sun demon hits you!!
* * * LOW HITPOINT WARNING * * *
You are engulfed in flames!
You die...

* *###*** * * , , ..#
{ ,{ * ≈≈ { * ##+##.#
*{ {* ** ** ≈
,#...#.# ,* , , ≈≈ {
###...#[##+###+## ,
#.'3@.[.........+,,,,
#4#...###'####### ###
##**
#.#...#.....#..###...
###..∆*
#{#####.....#.......#
* #..h..###{#
#..⌠..'........ *
.h....4((4#
#.....#[[......
**#..(.(#####
#.....#[)...... ###..
############........
##**
#...##..............


You could see a sun demon and a red devil.

Vanquished Creatures
  An orc warlord (Bailey)
  2 hydras
  Harold (D:7)
  4 two-headed ogres
  3 orc knights
  2 orc sorcerers (Orc:2)
  2 cyclopes (D:12)
  An ugly thing (D:12)
  A manticore (D:11)
  Maurice (Orc:1)
  3 gargoyles
  A meliai (D:9)
  2 trolls
  8 hippogriffs
  A wind drake (shapeshifter) (D:9)
  A hornet (D:11)
  4 slime creatures (D:12)
  A wraith (D:9)
  2 shadows (D:11)
  Eustachio (D:5)
  A vampire (D:12)
  A wyvern (D:11)
  3 yaks
  A hungry ghost (D:7)
  4 wargs
  2 porcupines (D:8)
  22 orc warriors
  3 black bears
  4 sky beasts
  4 centaurs
  7 ice beasts
  4 phantoms
  A necrophage (D:6)
  10 ogres
  5 big kobolds
  6 bullfrogs
  A wyvern skeleton (D:12)
  2 scorpions
  10 killer bees
  10 howler monkeys
  4 crimson imps
  A centaur zombie (D:12)
  2 quasits (D:3)
  7 hounds
  3 jellies
  16 orc priests
  2 bullfrog zombies
  10 orc wizards
  A centaur skeleton (D:8)
  An iguana (D:11)
  A killer bee zombie (D:6)
  8 worker ants
  2 hound skeletons
  A howler monkey skeleton (D:5)
  2 gnolls (Bailey)
  14 adders
  3 shadow imps
  3 oozes
  2 adder skeletons
  An adder zombie (D:5)
  3 worms
  3 dart slugs
  6 leopard geckos
  81 orcs
  6 giant cockroaches
  8 goblins
  6 hobgoblins
  21 jackals
  38 kobolds
  5 quokkas
  2 ball pythons
  A ball python zombie (D:5)
  7 bats
  4 frilled lizards
  9 rats
427 creatures vanquished.

Vanquished Creatures (others)
  A deep elf mage (D:13)
  Joseph (D:7)
  A yaktaur (D:13)
  An orc warrior (Orc:1)
  An orc (Orc:1)
5 creatures vanquished.

Grand Total: 432 creatures vanquished

Notes
Turn   | Place    | Note
-------+----------+-------------------------------------------
     0 | D:1      | pichaelthompson the Octopode Conjurer began the quest for
                  | the Orb.
     0 | D:1      | Reached XP level 1. HP: 11/11 MP: 3/3
   145 | D:1      | Reached XP level 2. HP: 11/17 MP: 0/5
   287 | D:1      | Learned a level 2 spell: Searing Ray
  1138 | D:1      | Reached XP level 3. HP: 21/21 MP: 6/6
  1337 | D:2      | Reached XP level 4. HP: 11/27 MP: 0/7
  1675 | D:2      | Found a hide-covered altar of Uskayaw.
  1805 | D:2      | Reached skill level 5 in Conjurations
  1915 | D:2      | Found an ancient bone altar of Kikubaaqudgha.
  2112 | D:2      | Found a sparkling altar of Nemelex Xobeh.
  2682 | D:3      | Reached XP level 5. HP: 29/32 MP: 8/8
  2882 | D:3      | Found a transporter.
  2885 | D:3      | Noticed Flam3WizrdBr0's ghost (weakling HuBe)
  2901 | D:3      | Found a transporter.
  3369 | D:3      | Reached skill level 1 in Short Blades
  3547 | D:4      | Reached XP level 6. HP: 22/37 MP: 8/10
  3778 | D:4      | Found a shattered altar of Ashenzari.
  3789 | D:4      | Became a worshipper of Ashenzari the Shackled
  3810 | D:4      | Reached skill level 5 in Stealth
  3957 | D:4      | Learned a level 4 spell: Force Lance
  3995 | D:4      | Noticed a phantom
  4010 | D:4      | Got the hunting sling of Hepliaklqana's Esteem {venom, +Fly
                  | Dex+4}
  4065 | D:4      | Reached skill level 1 in Fighting
  4486 | D:3      | Identified the +11 hunting sling of Hepliaklqana's Esteem
                  | {venom, +Fly Dex+4} (You found it on level 4 of the
                  | Dungeon)
  4564 | D:4      | Reached XP level 7. HP: 43/43 MP: 11/11
  4625 | D:4      | Reached skill level 1 in Slings
  4860 | D:4      | Found a glowing golden altar of the Shining One.
  4915 | D:5      | Entered Level 5 of the Dungeon
  5377 | D:5      | Found a hazy altar of Hepliaklqana.
  5685 | D:5      | Noticed Eustachio
  5699 | D:5      | Killed Eustachio
  5699 | D:5      | Reached XP level 8. HP: 37/49 MP: 12/12
  5752 | D:5      | Identified the +9 short sword "Ecitet" {vamp, rC+ Str+4}
  5766 | D:5      | Got the cursed buckler of Hedge Wizardry {rPois rC+ Dex+3}
  5772 | D:5      | Identified the cursed +0 buckler of Hedge Wizardry {rPois
                  | rC+ Dex+3} (You found it on level 5 of the Dungeon)
  6150 | D:6      | Reached * piety under Ashenzari
  6531 | D:6      | Found a basalt altar of Yredelemnul.
  6582 | D:6      | Found a glowing silver altar of Zin.
  6610 | D:6      | Found a stormy altar of Qazlal.
  6646 | D:6      | Reached skill level 5 in Slings
  6646 | D:6      | Reached skill level 1 in Shields
  7673 | D:7      | Reached XP level 9. HP: 55/55 MP: 14/14
  7799 | D:7      | Reached ** piety under Ashenzari
  7848 | D:7      | Noticed Joseph
  7894 | D:7      | Killed Joseph
  8481 | D:7      | Noticed Harold
  8495 | D:7      | Killed Harold
  8495 | D:7      | Reached skill level 5 in Dodging
  8495 | D:7      | Reached XP level 10. HP: 28/63 MP: 16/16
  8992 | D:7      | Found a staircase to the Ecumenical Temple.
  9019 | Temple   | Entered the Ecumenical Temple
  9169 | D:7      | Found a shimmering altar of Xom.
 10431 | D:8      | Found Iziaph's Book Emporium.
 10453 | D:8      | Found a shimmering blue altar of Sif Muna.
 10627 | D:8      | Found a staircase to the Lair.
 10893 | D:9      | Found a flagged portal.
 11086 | D:9      | Reached skill level 10 in Slings
 11131 | Bailey   | Entered a bailey
 11393 | Bailey   | Noticed an orc warlord
 11475 | Bailey   | Reached skill level 5 in Spellcasting
 11502 | Bailey   | Found a runed translucent gate.
 11592 | Bailey   | Noticed an orc knight
 11628 | Bailey   | Killed an orc knight
 11628 | Bailey   | Reached skill level 1 in Translocations
 11628 | Bailey   | Reached XP level 11. HP: 69/69 MP: 18/18
 11674 | Bailey   | Found a runed translucent gate.
 11674 | Bailey   | Found a runed translucent gate.
 11770 | Bailey   | Killed an orc warlord
 11876 | Bailey   | Reached skill level 5 in Fighting
 11876 | Bailey   | Reached skill level 10 in Stealth
 11876 | Bailey   | Reached skill level 5 in Shields
 11877 | Bailey   | Reached XP level 12. HP: 77/77 MP: 18/21
 11879 | Bailey   | Reached XP level 13. HP: 83/83 MP: 18/23
 12272 | D:9      | Found an ornate altar of the Wu Jian Council.
 12732 | D:10     | Entered Level 10 of the Dungeon
 12748 | D:10     | Identified the cursed +1 morningstar "Acky" {flame, rElec
                  | MR++}
 12763 | D:10     | Identified the amulet of the Elephant {Harm *Drain rF+
                  | Dex+4}
 12822 | D:10     | Reached *** piety under Ashenzari
 12961 | D:10     | Found Omeuwy's Antique Armour Shoppe.
 13983 | D:11     | Learned a level 3 spell: Conjure Flame
 14582 | D:11     | Found a staircase to the Orcish Mines.
 15048 | D:12     | Reached **** piety under Ashenzari
 15624 | D:12     | HP: 2/84 [very large slime creature (66)]
 16739 | Orc:1    | Entered Level 1 of the Orcish Mines
 16744 | Orc:1    | Noticed Maurice
 16753 | Orc:1    | Killed Maurice
 16970 | Orc:1    | Reached XP level 14. HP: 90/90 MP: 25/25
 17093 | Orc:1    | Found a bloodstained altar of Trog.
 17526 | Orc:2    | Entered Level 2 of the Orcish Mines
 18588 | Orc:2    | Found a roughly hewn altar of Beogh.
 18901 | Orc:2    | Reached skill level 5 in Translocations
 18908 | Orc:2    | HP: 3/92 [sun demon[an orc sorcerer] (24)]
 18908 | Orc:2    | Mangled by a sun demon

Levels and vault maps discovered:
D:1:      minmay_arrival_four_circles, layout_basic
D:2:      layout_loops_ring, nicolae_overflow_crystal_walls, old_standard_altar,
          lemuel_crystal_altar, grunt_ministairs_1, patterned_corridor
D:3:      kennysheep_six_static_rooms, layout_basic, gammafunk_ghost_stat_death
D:4:      layout_basic, marbit_many_paths, evilmike_ruin_ashenzari, first_ration
D:5:      layout_loops_ring, lemuel_crystal_altar, uniq_eustachio
D:6:      layout_layer_cave, lemuel_round_altar, nicolae_overflow_hidden_temple,
          kennysheep_mini_moat
D:7:      layout_basic, lemuel_round_altar, minmay_temple_entry_waves,
          grunt_ogre_cave, uniq_harold, uniq_joseph
D:8:      layout_rooms, lemuel_crystal_altar, grunt_lair_entry_orc_guard_hut,
          serial_shops, nicolae_shop_temple_entry_statues_fountains,
          nrook_loot_triangle, grunt_ministairs_2
D:9:      layout_roguey, lemuel_coloured_pillars_altar, enter_bailey_8,
          minmay_pinched_square
D:10:     layout_long_grid, serial_shops, shop, eino_jars
D:11:     layout_loops_cross, nicolae_two_hexagons
D:12:     layout_loops_corners
D:13:     layout_irregular_city, hangedman_vaults_entry_quadrant_bands,
          hangedman_abyss_or_decor_lesser_grid, nicolae_water_bricks,
          xom_teletrap_fun
Temple:   eino_temple_lava
Orc:1:    layout_diamond_mine, bloody_trog, uniq_maurice
Orc:2:    pubby_orc_utopia

Skill      XL: |  1  2  3  4  5  6  7  8  9 10 11 12 13 14 |
---------------+-------------------------------------------+-----
Stealth        | 3 4 5 6 7 8 10 11 12 | 12.2
Conjurations   | 5 6 7 8 9 |  9.6
Short Blades   | 1 |  1.1
Dodging        | 3 4 5 6 |  6.8
Fighting       | 1 2 3 4 5 6 7 |  7.4
Spellcasting   | 3 4 5 6 7 |  7.8
Slings         | 3 6 8 10 11 12 | 12.9
Shields        | 1 2 3 5 6 7 |  7.2
Translocations | 1 3 4 5 |  5.0
Evocations     | 2 |  2.1
Throwing       | |  0.1

Action                   |  1- 3 |  4- 6 |  7- 9 | 10-12 | 13-15 || total
-------------------------+-------+-------+-------+-------+-------++-------
Melee: Club              |    22 |       |       |       |       ||    22
       Constrict         |    11 |    16 |       |       |       ||    27
       Tentacles         |     8 |     8 |       |       |       ||    16
       Dagger            |    18 |    22 |       |       |       ||    40
       Rapier            |       |    45 |       |       |       ||    45
       Staff             |       |     4 |       |       |       ||     4
 Fire: Hunting sling     |       |     3 |   258 |   297 |   716 ||  1274
Throw: Dart              |       |     2 |       |       |       ||     2
 Cast: Magic Dart        |    33 |    19 |       |       |       ||    52
       Searing Ray       |     1 |    13 |     2 |       |     1 ||    17
Invok: Curse Item        |       |       |     1 |       |       ||     1
  Use: Scroll            |       |     1 |     7 |     3 |     6 ||    17
       Potion            |       |       |       |     2 |       ||     2
 Stab: Sleeping          |     3 |    10 |       |       |       ||    13
  Eat: Chunk             |     2 |    10 |    12 |     7 |    10 ||    41
       Ration            |       |       |       |     1 |     3 ||     4
Armor: Skin              |     9 |    17 |     1 |       |     2 ||    29
Dodge: Dodged            |    41 |   106 |    43 |    43 |    78 ||   311
Block: Other             |       |    18 |     2 |       |       ||    20
       Buckler           |       |       |    24 |    34 |    72 ||   130
       Reflection        |       |       |     6 |     5 |    11 ||    22

Table legend:
 A = Non-vault XP
 B = Vault XP
 C = Vault XP percentage of total XP
 D = Non-vault monster count
 E = Vault monster count
 F = Vault count percentage of total count
                 A         B        C        D         E       F
            +---------+---------+-------+---------+---------+-------
      Total |   20725 |   16482 |  44.3 |     308 |     124 |  28.7
            +---------+---------+-------+---------+---------+-------
        D:1 |      34 |       0 |   0.0 |      19 |       0 |   0.0
        D:2 |      74 |      27 |  26.7 |      25 |       2 |   7.4
        D:3 |      46 |     128 |  73.6 |      15 |       8 |  34.8
        D:4 |     454 |       2 |   0.4 |      15 |       1 |   6.2
        D:5 |     393 |     203 |  34.1 |      31 |       1 |   3.1
        D:6 |     775 |       0 |   0.0 |      18 |       0 |   0.0
        D:7 |    2097 |    1481 |  41.4 |      47 |       3 |   6.0
        D:8 |    1659 |     633 |  27.6 |      26 |       5 |  16.1
        D:9 |     791 |    1727 |  68.6 |       9 |      12 |  57.1
       D:10 |    1093 |     558 |  33.8 |       9 |       9 |  50.0
       D:11 |    4210 |       0 |   0.0 |      29 |       0 |   0.0
       D:12 |    7339 |       0 |   0.0 |      39 |       0 |   0.0
       D:13 |     209 |    1007 |  82.8 |       1 |       2 |  66.7
      Orc:1 |    1551 |    1653 |  51.6 |      25 |      12 |  32.4
      Orc:2 |       0 |    6494 | 100.0 |       0 |      42 | 100.0
     Bailey |       0 |    2569 | 100.0 |       0 |      27 | 100.0
            +---------+---------+-------+---------+---------+-------
